AoeStats
← SHIOZEN

Four Lakes

509305926Analyzed
1v1 RM · 7d ago on Sep 26, 2026· 17m 46s· 2 players
Game mode
Random Map
Map size
Tiny (2 player)
Population
200
Speed
Normal
Resources
Standard
Victory
Conquest
Starting age
Dark Age
Ending age
Imperial Age
RankedLock teamsTeams togetherTeam positionsShared explorationLock speedFull tech treeHidden civsTurbo modeCheats
Victory
Defeat
🇺🇸 Saxons · United States
1541
+17
🇨🇴 Japanese · Colombia
1555
-17
Bittel_AoE
7:52 Loom
9:52 Feudal Age
10:22 Man-at-Arms
10:48 Double-Bit Axe
12:02 Arson
19:15 Castle Age
SHIOZEN
10:27 Feudal Age
11:16 Loom
17:06 Castle Age
15:04 Double-Bit Axe
Connection lost

Rejoining the realm…

Still unreachable

The connection could not be restored.

Session expired

The server has moved on; the page needs a fresh start.